← All builds
Suicide front / Armada / Factory first / OBSERVED BUILD

Standard suicide front

Bot Lab first into Rocketeer/Centurion/Pawn to contest the middle early and hold until T2 arrives, the role's baseline play.

Usually lab first (62%)

#rush · 1185 distinct matches · 125 players · 71% of Armada Suicide front games · team won 60% of 1411 · Recently observed

HOW TO PLAY IT

Key timing: Bot Lab by 0:20

  1. Open with mex and wind, drop Bot Lab immediately.
  2. Push out first "Centurion" as Pond's boost lands.
  3. Send "Rocketeer", "Centurion", "Pawn" mix to contest middle.
  4. Add Dragon's Teeth and Sentries to hold the line.
  5. Get Advanced Metal Extractor up as T2 nears.

Phase by phase

TYPICAL OF ITS 1185 GAMES
  1. 1
  2. 2
  3. 3
PLAY THE OPENING

Follow the example game's first 6:00 step by step: what to build now, what comes next, and where it goes. At 1× it keeps pace with your own game.

  1. 1

    Bot Lab first

    Order
    1. Bot LabBot Lab done ~0:20, middle half 0:20–0:33

    Some games also: mex (37%)

  2. 2

    Bot Lab to 5:00

    Economy
    • Metal Extractor5Mex
    • Wind Turbine4Wind
    Builders
    • Construction Bot3 Con bot
    • Lazarus2 Lazarus
    Army
    • Sentry4 Sentry
    • Rocketeer18 Rocketeer
    • Tick2 Tick
    • Centurion1 Centurion
    Other
    • Radar Tower1 Radar Tower

    Some games also: con turret (35%) · pawn (31%)

    By 5:00 in all: 5 mex · 5 wind

    The example game in this phase · 43 steps
    1. TickTick ×2
    2. LazarusLazarus ×2
    3. Construction BotCon bot
    4. CenturionCenturion
    5. Construction BotCon bot ×2
    6. SentrySentry
    7. RocketeerRocketeer
    8. Mex
    9. Construction BotCon bot
    10. SentrySentry
    11. RocketeerRocketeer ×2
    12. Radar TowerRadar Tower
    13. TickTick
    14. NettleNettle
    15. RocketeerRocketeer
    16. Mex
    17. LazarusLazarus
    18. RocketeerRocketeer
    19. BeamerBeamer
    20. RocketeerRocketeer
    21. Dragon's TeethDragon's Teeth
    22. RocketeerRocketeer
    23. Dragon's TeethDragon's Teeth ×2
    24. Wind
    25. Dragon's TeethDragon's Teeth ×2
    26. TickTick
    27. Dragon's TeethDragon's Teeth
    28. BeamerBeamer
    29. RocketeerRocketeer
    30. Dragon's TeethDragon's Teeth
    31. LazarusLazarus ×2
    32. Wind
    33. RocketeerRocketeer ×2
    34. SentrySentry
    35. Wind
    36. Con turret
    37. RocketeerRocketeer
    38. TickTick
    39. RocketeerRocketeer
    40. Wind
    41. SentrySentry
    42. LazarusLazarus
    43. SentrySentry
  3. 3

    5:00 to 10:00

    Economy
    • Metal Extractor1Mex
    • Wind Turbine17Wind
    Builders
    • Construction Turret2 Con turret
    • Lazarus2 Lazarus
    • Construction Bot1 Con bot
    Army
    • Sentry1 Sentry
    • Rocketeer8 Rocketeer
    • Pawn1 Pawn

    Some games also: tick (48%) · Radar Tower (47%) · energy storage (46%) · centurion (45%) · Beamer (38%)

    By 10:00 in all: 6 mex · 23 wind · 1 energy storage · 3 con turret

    The example game in this phase · 67 steps
    1. Wind
    2. RocketeerRocketeer
    3. Dragon's TeethDragon's Teeth ×2
    4. RocketeerRocketeer
    5. Dragon's TeethDragon's Teeth
    6. Radar TowerRadar Tower
    7. Dragon's TeethDragon's Teeth ×2
    8. RocketeerRocketeer
    9. BeamerBeamer
    10. Wind
    11. TickTick
    12. RocketeerRocketeer
    13. Wind
    14. LazarusLazarus ×3
    15. Dragon's TeethDragon's Teeth ×6
    16. Wind
    17. Con turret
    18. RocketeerRocketeer
    19. Dragon's TeethDragon's Teeth
    20. RocketeerRocketeer
    21. Wind
    22. Dragon's TeethDragon's Teeth ×2
    23. RocketeerRocketeer
    24. Wind
    25. TickTick
    26. Dragon's TeethDragon's Teeth
    27. Mex
    28. Dragon's TeethDragon's Teeth ×5
    29. RocketeerRocketeer
    30. Dragon's TeethDragon's Teeth ×2
    31. SentrySentry
    32. Wind
    33. RocketeerRocketeer
    34. Wind ×4
    35. Construction BotCon bot
    36. Wind
    37. Mex
    38. Construction BotCon bot
    39. Wind
    40. Mex
    41. LazarusLazarus
    42. Wind
    43. RocketeerRocketeer ×2
    44. Wind
    45. SentrySentry
    46. RocketeerRocketeer
    47. TickTick
    48. LazarusLazarus
    49. SentrySentry
    50. CenturionCenturion
    51. Wind
    52. CenturionCenturion
    53. SentrySentry
    54. Wind
    55. Con turret
    56. CenturionCenturion
    57. Twin GuardTwin Guard
    58. Wind
    59. Mex
    60. CrossbowCrossbow
    61. Wind
    62. LazarusLazarus
    63. GauntletGauntletnot finished by 15:00
    64. Mex
    65. CenturionCenturion
    66. Wind
    67. Mex

Counts are medians over the build's games: half of them build more, half fewer. The example game is yubiyubi's (43 OS, 04/09/2026); pick another.

Team trades

IN AT LEAST 30% OF ITS GAMES

You hand over

Nothing regular.

You get

  • Tidal Generator4 Tidal from Pondfirst at 0:10 · in 69% of games
  • Advanced Construction Bot1 T2 con bot from Geo or Techfirst at 7:30 · in 58% of games

How it plays out

Typical game of this build, running totals by minute

Metal produced

010k20k30k
0:005:0010:0015:00

metal

Enemy metal destroyed

05k10k
0:005:0010:0015:00

metal

Own metal lost

05k10k
0:005:0010:0015:00

metal

1411 games.

Show as table
ByMetal produced: This buildEnemy metal destroyed: This buildOwn metal lost: This build
1:0022600
2:0088900
3:002056172106
4:003161660486
5:00423614131020
6:00543023271785
7:00666131792732
8:00791040353631
9:00929848164516
10:001068854265336
11:001224158986080
12:001402465176842
13:001604270137523
14:001796976808336
15:002029783029228
WHAT THE NUMBERS SAY

Standard suicide front play wins slightly more than half its games with fast kills but also fast losses, matching the raw grind of the role.

  • + First kill lands by 2:04 in all games
  • + Metal produced reaches 19882 by 15:00
  • − Own metal lost hits 9208 by 15:00, near metal destroyed of 8172
  • − First unit lost as early as 2:08 in every game
THE EXAMPLE YOU ARE READING

yubiyubi

43.2 OS · 04/09/2026

Open source match ↗

15 received units · includes a constructor
657 metal received · 6211 energy received

Allied construction assistance is unknown. Timings are observations, not a promise of solo reproducibility.

Typical milestones

Bot Lab0:20Middle 50%: 0:20–0:33 · n=1405
Advanced Metal Extractor9:37Middle 50%: 8:41–10:48 · n=1035

Played most by

_X_252games of this buildPlatinumBlonde166games of this buildXad109games of this buildImmort62games of this buildwatermeloans58games of this build
Standard suicide front · Armada Suicide front build order · BAR Build Atlas